 Dungeon Crawl Stone Soup version 0.30-a0-161-gdd60e06945 (webtiles) character file.

Game seed: 17578375246221253930

228011 qw the Peltast (level 19, -10/137 HPs)
             Began as a Gargoyle Fighter on Sept 27, 2022.
             Was a High Priest of Okawaru.
             Mangled by a vault warden
             ... wielding a +3 vorpal great mace
              (50 damage)
             ... on level 1 of the Vaults.
             The game lasted 00:17:22 (37676 turns).

qw the Peltast (Gargoyle Fighter)                  Turns: 37676, Time: 00:17:23

Health: -10/137    AC: 53    Str: 21    XL:     19   Next: 40%
Magic:  26/26      EV: 14    Int: 13    God:    Okawaru [*****.]
Gold:   506        SH: 26    Dex:  7    Spells: 18/18 levels left

rFire   . . .      SeeInvis +    k - +2 broad axe (vorpal)
rCold   + . .      Faith    .    A - +0 tower shield
rNeg    + . .      Spirit   .    I - +5 shadow dragon scales "Codumo" {rPois Str-5 Int+7 SInv Stlth++++}
rPois   inf        Reflect  +    F - +1 helmet "Ruedesua" {rElec Int-5 Slay+3}
rElec   +          Harm     .    q - +0 cloak
rCorr   .          Rampage  inf  c - +1 pair of gloves of the Abyss {+Blink rElec}
Will    +....                    y - +3 pair of seven-league boots {Rampage+∞}
Stlth   +++.......               u - amulet of reflection
HPRegen 1.12/turn                n - +4 ring of evasion
MPRegen 0.20/turn                w - ring of protection from cold

@: heroic, flying
A: sickness immunity, AC +14, big wings, negative energy resistance 1,
electricity resistance, torment resistance 1, petrification resistance, hooves
1, clumsy 1, regeneration 1, robust 1
}: 1/15 runes: serpentine
a: Renounce Religion, Evoke Blink, Heroism, Finesse, Duel


You were on level 1 of the Vaults.
You worshipped Okawaru.
Okawaru was extremely pleased with you.
You visited 7 branches of the dungeon, and saw 31 of its levels.

You collected 3620 gold pieces.
You spent 3114 gold pieces at shops.


Innate Abilities, Weirdness & Mutations

You are immune to sickness and miasma.
Your stone body is resilient. (AC +14)
You are immune to poison.
Your large and strong wings let you fly.
You resist negative energy. (rN+)
You are resistant to electric shocks. (rElec)
You are resistant to unholy torment.
You are immune to petrification.
You have large cloven feet.
You are clumsy. (Dex -2)
Your natural rate of healing is unusually fast.
You are robust. (+10% HP)


   Skills:
 - Level 16.0(21.0) Fighting
 - Level 18.0(23.0) Axes
 - Level 7.1(12.1) Throwing
 - Level 16.0(21.0) Armour
 - Level 3.0(8.0) Dodging
 + Level 18.8(23.8) Shields
 - Level 10.0 Invocations


You had 18 spell levels left.
You didn't know any spells.
Your spell library was empty.

Inventory:

Hand Weapons
 k - a +2 vorpal broad axe (weapon)
Missiles
 v - 21 boomerangs
 B - 5 javelins (quivered)
Armour
 c - the +1 pair of gloves of the Abyss (worn) {+Blink rElec}
   (You acquired it on level 3 of the Lair of Beasts)

   rElec:     It insulates you from electricity.
   +Blink:    It lets you blink.
 g - +0 ice dragon scales
 p - the +1 chain mail "Mixuen" {rN+ rCorr}
   (You bought it in a shop on level 2 of the Snake Pit)

   rN:        It protects you from negative energy.
   rCorr:     It protects you from acid and corrosion.
 q - a +0 cloak (worn)
 y - the +3 pair of seven-league boots (worn) {Rampage+∞}
   (You found it on level 15 of the Dungeon)

   Its wearer moves as far as possible in that direction when moving towards
   enemies.
 z - +0 fire dragon scales
 A - a +0 tower shield (worn)
 F - the +1 helmet "Ruedesua" (worn) {rElec Int-5 Slay+3}
   (You acquired it on level 2 of the Snake Pit)

   Int:       It affects your intelligence (-5).
   Slay:      It affects your accuracy & damage with ranged weapons and melee
   (+3).
   rElec:     It insulates you from electricity.
 I - the +5 shadow dragon scales "Codumo" (worn) {rPois Str-5 Int+7 SInv Stlth++++}
   (You acquired it on level 2 of the Snake Pit)

   Str:       It affects your strength (-5).
   Int:       It affects your intelligence (+7).
   rPois:     It protects you from poison.
   SInv:      It lets you see invisible.
   Stlth:     It makes you much more stealthy.
Jewellery
 n - a +4 ring of evasion (left hand)
 u - an amulet of reflection (around neck)
 w - a ring of protection from cold (right hand)
 x - a +6 ring of dexterity
 D - a ring of fire
Wands
 r - a wand of digging (13)
Scrolls
 i - 20 scrolls of identify
 l - 13 scrolls of teleportation
Potions
 a - a potion of cancellation
 b - 5 potions of attraction
 d - 6 potions of might
 f - 3 potions of mutation
 h - 4 potions of heal wounds
 j - 4 potions of lignification
 m - 17 potions of curing
 s - 6 potions of resistance
 t - 6 potions of haste

Dungeon Overview and Level Annotations

Branches:
Dungeon (15/15)            Temple (1/1) D:6            Lair (5/5) D:9
 Shoals (3/4) Lair:3        Snake (4/4) Lair:3        Slime (0/5) Lair:5
    Orc (2/2) D:12            Elf (0/3) Orc:2        Vaults (1/5) D:14
 Depths (0/4) D:15

Altars:
Ashenzari
Cheibriados
Dithmenos
Elyvilon
Fedhas
Gozag
Hepliaklqana
Kikubaaqudgha
Makhleb
Nemelex Xobeh
Okawaru
Qazlal
Ru
Sif Muna
Trog
Uskayaw
Vehumet
Wu Jian
Xom
Yredelemnul
Zin
The Shining One
Jiyva

Shops:
D:1 (   D:7 *[(   Orc:1 **!   Orc:2 [**(:*   Shoals:1 (   Shoals:3 *
Snake:2 ([*[   Snake:3 [

Annotations:
D:8 3 runed translucent doors, qw's ghost, novice GrFi
Shoals:3 3 runed translucent doors, Wecaes's ghost, journeyman HOFE


Message History

The deep troll claws you!! You block the deep troll's attack.
You slice the ironbound convoker!!
You kill the ironbound convoker!
Okawaru accepts your kill.
You slash the vault warden! You slash the deep troll!
You hit the deep troll but do no damage.
You block the deep troll's attack. x3
The deep troll bites you but does no damage.
The deep troll claws you. You block the deep troll's attack.
The vault warden misses you.
You completely miss the vault warden.
The vault warden is lightly wounded.
You hit the wizard. You slice the deep troll!! You closely miss the deep troll.
You block the deep troll's attack. The deep troll misses you.
The deep troll claws you but does no damage.
You block the deep troll's attack.
The deep troll claws you but does no damage.
You block the deep troll's attack.
The wizard's eyes start to glow.
The wizard hits you but does no damage.
The vault warden hits you with a +3 vorpal great mace!!
You barely miss the deep troll.
The deep troll is severely wounded.
You closely miss the wizard. You slash the vault warden!
You closely miss the deep troll. You slice the deep troll!!
You kill the deep troll!
Okawaru accepts your kill.
You closely miss the deep troll. You slash the wizard!
You barely miss the vault warden. The vault warden barely misses you.
You block the deep troll's attack. x2
The deep troll claws you but does no damage.
The wizard casts a spell.
The wizard flickers and vanishes for a moment.
You closely miss the vault warden.
The vault warden is moderately wounded.
You closely miss the wizard. You hit the deep troll. The deep troll bites you!!
You block the deep troll's attack. x2
The vault warden hits you with a +3 vorpal great mace!!!
You die...

#. #. #. #. #. # #. #.
#.
+###..#################.
(.....p@................
......[Tp...............
........................
########################


You could see a vault warden (strong), a deep troll (strong) and a wizard
(invisible).

Vanquished Creatures
  Bai Suzhen (Snake:4)
  Vashnia (Snake:4)
  Nikola (Snake:3)
  A kraken (Shoals:3)
  Agnes (D:15)
  Frances (D:13)
  A fenstrider witch (Shoals:1)
  11 nagarajas
  A fire giant (Vaults:1)
  A juggernaut skeleton (D:15)
  An ironbound preserver (D:14)
  An orc warlord (Orc:1)
  A stone giant (Shoals:3)
  Azrael (D:13)
  Snorg (Lair:4)
  4 merfolk impalers (Shoals:2)
  A merfolk javelineer (Shoals:3)
  A great orb of eyes (Vaults:1)
  An entropy weaver (shapeshifter) (D:13)
  A yaktaur captain (Vaults:1)
  9 hydras
  A rakshasa (D:15)
  3 merfolk avatars
  3 ogre magi
  13 anacondas
  Harold (Orc:1)
  An ice dragon (D:15)
  An ironbound frostheart (Vaults:1)
  8 centaur warriors
  6 boulder beetles
  A satyr (Shoals:2)
  14 naga warriors
  14 two-headed ogres
  4 tengu warriors
  3 merfolk aquamancers
  6 death yaks
  Urug (D:13)
  9 shock serpents
  19 naga sharpshooters
  Sonja (Lair:4)
  8 skeletal warriors
  3 salamander mystics
  A fire crab (Lair:5)
  7 naga ritualists
  4 deep trolls
  A flayed ghost (D:15)
  8 sea snakes
  A phantasmal warrior (D:15)
  A wizard (Vaults:1)
  2 lindwurms (Vaults:1)
  A necromancer (D:15)
  A harpy (shapeshifter) (D:15)
  8 harpies (Shoals:1)
  2 ironbound convokers (Vaults:1)
  2 orc knights
  2 wolf spiders (Lair:5)
  13 mana vipers
  2 deep elf pyromancers (D:15)
  An ugly thing (D:12)
  An orc sorcerer (Orc:1)
  12 cyclopes
  13 fauns
  2 shadow dragon skeletons (D:15)
  8 salamanders
  9 manticores
  7 merfolk sirens
  30 black mambas
  11 guardian serpents
  Maurice (Orc:1)
  A vault sentinel (Vaults:1)
  14 elephants
  3 water nymphs
  17 naga magi
  2 unseen horrors
  2 rime drakes
  6 komodo dragons
  A rime drake (shapeshifter) (D:14)
  22 cane toads
  2 efreet
  A tengu conjurer (D:11)
  A yaktaur (Vaults:1)
  30 merfolk
  A queen bee (Lair:3)
  A polar bear (shapeshifter) (D:15)
  2 polar bears
  7 wind drakes
  13 trolls
  A hornet (shapeshifter) (D:14)
  4 hornets
  26 slime creatures
  11 snapping turtles
  22 blink frogs
  13 dream sheep
  A spriggan zombie (D:15)
  Sigmund (D:2)
  A vampire (D:14)
  18 wyverns
  A centaur simulacrum (D:14)
  11 water elementals
  54 yaks
  5 shadows
  A wraith (D:14)
  6 basilisks
  3 fire elementals (D:13)
  5 steam dragons
  4 vampire mosquitoes (D:12)
  A warg (Orc:1)
  49 nagas
  2 redbacks (Lair:5)
  3 acid dragons
  Duvessa (D:7)
  32 water moccasins
  3 hell hounds (D:13)
  9 orc warriors
  An ice beast (D:7)
  3 black bears
  9 wolves
  24 ogres
  8 centaurs
  A phantom (D:6)
  2 kobold brigands (D:8)
  Blork the orc (D:4)
  A necrophage (D:5)
  5 scorpions
  10 bullfrogs
  2 gnoll sergeants
  Dowan (D:7)
  37 killer bees
  4 howler monkeys
  An electric eel (Snake:2)
  An iron imp (D:7)
  4 jellies
  8 orc priests
  6 hounds
  A gnoll bouda (D:8)
  3 iguanas
  15 orc wizards
  5 hell rats (Lair:3)
  Robin (D:4)
  15 gnolls
  A river rat (Lair:3)
  19 adders
  A shadow imp (D:7)
  A white imp (D:8)
  An ufetubus (D:4)
  A worm (D:2)
  A worm (shapeshifter) (D:13)
  3 dart slugs
  51 orcs
  5 endoplasms
  3 giant cockroaches
  20 goblins
  3 hobgoblins
  6 jackals (D:1)
  15 kobolds
  5 quokkas
  5 ball pythons
  5 bats (D:1)
  7 frilled lizards
  A goblin skeleton (D:7)
  A goblin zombie (D:7)
  2 hobgoblin zombies (D:7)
  3 kobold skeletons (D:7)
  A kobold zombie (D:7)
  An orc zombie (D:7)
  4 rats
  A bush (D:9)
  3 tentacles (Shoals:3)
1066 creatures vanquished.

Vanquished Creatures (others)
  2 naga warriors (Snake:4)
  A cyclops (D:11)
  A bush (D:9)
  47 fungi
  167 plants
  5 tentacles (Shoals:3)
  10 withered plants (D:15)
233 creatures vanquished.

Grand Total: 1299 creatures vanquished

Notes
Turn   | Place    | Note
-------+----------+-------------------------------------------
     0 | D:1      | qw the Gargoyle Fighter began the quest for the Orb.
     0 | D:1      | Reached XP level 1. HP: 14/14 MP: 1/1
     0 | D:1      | 0 ||| qw: Version: 0.2-a-10-g37ed214
     0 | D:1      | 0 ||| qw: Game counter: 641
     0 | D:1      | 0 ||| qw: Always use a shield: true
     0 | D:1      | 0 ||| qw: God list: Okawaru
     0 | D:1      | 0 ||| qw: Allow faded altars: false
     0 | D:1      | 0 ||| qw: Do Orc after D:15 true
     0 | D:1      | 0 ||| qw: Do second Lair branch before Depths: true
     0 | D:1      | 0 ||| qw: Lair rune preference: random
     0 | D:1      | 0 ||| qw: Plans: Normal, Zot:1-4, God:TSO, Crypt, Tomb,
                  | Pan, Slime:5, Hells, Abyss, Orb
     0 | D:1      | 0 ||| PLANNING D:1-11
    15 | D:1      | 15 ||| Stepping ~*~*~tactically~*~*~ (stealth).
   215 | D:1      | Reached XP level 2. HP: 19/19 MP: 2/2
   320 | D:1      | Found a faded altar of an unknown god.
   372 | D:1      | 372 ||| Stepping ~*~*~tactically~*~*~ (stealth).
   374 | D:1      | 374 ||| Stepping ~*~*~tactically~*~*~ (stealth).
   512 | D:1      | Found Raesis's Weapon Emporium.
   689 | D:1      | 689 ||| Stepping ~*~*~tactically~*~*~ (hiding).
   692 | D:1      | 692 ||| Stepping ~*~*~tactically~*~*~ (hiding).
   693 | D:1      | 693 ||| Stepping ~*~*~tactically~*~*~ (hiding).
   702 | D:1      | Reached skill level 3 in Axes
   721 | D:1      | Reached XP level 3. HP: 22/23 MP: 3/3
   809 | D:1      | 809 ||| Stepping ~*~*~tactically~*~*~ (stealth).
  1397 | D:1      | 1397 ||| UPGRADING to +1 pair of boots.
  1402 | D:1      | 1402 ||| READING scroll labelled EJEIMP JAHUCHO.
  1405 | D:1      | 1405 ||| READING scroll labelled SACEEH WAWAOGI.
  1406 | D:1      | 1406 ||| READING scroll labelled HUISHR PAODITAH.
  1407 | D:1      | 1407 ||| DRINKING 2 blue potions.
  1408 | D:1      | 1408 ||| DROPPING potion of magic.
  1510 | D:2      | 1510 ||| DROPPING +0 club.
  1539 | D:2      | Reached XP level 4. HP: 28/28 MP: 4/4
  1579 | D:2      | Noticed a black bear
  1594 | D:2      | HP: 6/28 [black bear (3)]
  1595 | D:2      | Killed a black bear
  1596 | D:2      | Reached XP level 5. HP: 7/32 MP: 5/5
  2093 | D:2      | Noticed Sigmund
  2094 | D:2      | 2094 ||| Stepping ~*~*~tactically~*~*~ (hiding).
  2104 | D:2      | Killed Sigmund
  2105 | D:2      | Reached XP level 6. HP: 31/40 MP: 6/6
  2246 | D:2      | 2246 ||| UPGRADING to +2 pair of boots.
  2256 | D:2      | 2256 ||| DROPPING +1 pair of boots.
  2257 | D:2      | 2257 ||| UPGRADING to +4 ring of evasion.
  2258 | D:2      | 2258 ||| READING scroll labelled ODIRRU YPTAGE.
  2259 | D:2      | 2259 ||| DRINKING 2 red potions.
  2260 | D:2      | 2260 ||| READING 3 scrolls of identify.
  2260 | D:2      | 2260 ||| IDENTIFYING cyan potion
  2261 | D:2      | 2261 ||| READING 2 scrolls of identify.
  2261 | D:2      | 2261 ||| IDENTIFYING fizzy puce potion
  2262 | D:2      | 2262 ||| DROPPING potion of ambrosia.
  2298 | D:3      | Identified the +9 mace "Hiosinto" {vorpal, *Corrode rC+
                  | rN+}
  2306 | D:3      | 2306 ||| Stepping ~*~*~tactically~*~*~ (stealth).
  2309 | D:3      | 2309 ||| DROPPING +0 whip.
  2310 | D:3      | 2310 ||| Stepping ~*~*~tactically~*~*~ (stealth).
  2311 | D:3      | 2311 ||| Stepping ~*~*~tactically~*~*~ (stealth).
  2312 | D:3      | 2312 ||| Stepping ~*~*~tactically~*~*~ (stealth).
  2325 | D:3      | 2325 ||| Stepping ~*~*~tactically~*~*~ (hiding).
  2431 | D:3      | Reached skill level 1 in Dodging
  3156 | D:3      | 3156 ||| READING scroll labelled UJIUVI FUU.
  3157 | D:3      | 3157 ||| READING scroll labelled BYF XISICHEOG DEZ.
  3212 | D:3      | 3212 ||| READING scroll labelled MIKHLO DEERAUZ.
  3213 | D:3      | 3213 ||| DRINKING 2 golden potions.
  3247 | D:3      | 3247 ||| READING 2 scrolls of identify.
  3247 | D:3      | 3247 ||| IDENTIFYING glowing ruby potion
  3248 | D:3      | 3248 ||| DROPPING potion of brilliance.
  3324 | D:4      | 3324 ||| Stepping ~*~*~tactically~*~*~ (stealth).
  3325 | D:4      | 3325 ||| Stepping ~*~*~tactically~*~*~ (stealth).
  3353 | D:4      | 3353 ||| Stepping ~*~*~tactically~*~*~ (stealth).
  3396 | D:4      | Reached XP level 7. HP: 37/44 MP: 7/7
  3462 | D:4      | 3462 ||| Stepping ~*~*~tactically~*~*~ (stealth).
  3463 | D:4      | 3463 ||| Stepping ~*~*~tactically~*~*~ (stealth).
  3484 | D:4      | 3484 ||| Stepping ~*~*~tactically~*~*~ (stealth).
  3491 | D:4      | 3491 ||| Stepping ~*~*~tactically~*~*~ (stealth).
  3492 | D:4      | 3492 ||| Stepping ~*~*~tactically~*~*~ (stealth).
  3493 | D:4      | 3493 ||| Stepping ~*~*~tactically~*~*~ (stealth).
  3544 | D:4      | 3544 ||| Stepping ~*~*~tactically~*~*~ (stealth).
  3546 | D:4      | 3546 ||| Stepping ~*~*~tactically~*~*~ (stealth).
  3743 | D:4      | Noticed Robin
  3744 | D:4      | 3744 ||| Stepping ~*~*~tactically~*~*~ (hiding).
  3749 | D:4      | Noticed Blork the orc
  3750 | D:4      | Reached skill level 6 in Axes
  3760 | D:4      | Killed Robin
  3761 | D:4      | Killed Blork the orc
  3818 | D:4      | 3818 ||| DROPPING +9 mace "Hiosinto" {vorpal, *Corrode rC+
                  | rN+}.
  3819 | D:4      | 3819 ||| DROPPING +0 flail.
  3884 | D:4      | 3884 ||| FLEEEEING.
  3923 | D:4      | 3923 ||| Stepping ~*~*~tactically~*~*~ (stealth).
  4066 | D:4      | Reached XP level 8. HP: 24/49 MP: 8/8
  4196 | D:4      | 4196 ||| Stepping ~*~*~tactically~*~*~ (stealth).
  4388 | D:4      | Found a sparkling altar of Nemelex Xobeh.
  4459 | D:4      | 4459 ||| UPGRADING to +0 helmet.
  4464 | D:4      | 4464 ||| UPGRADING to +0 kite shield.
  4474 | D:4      | 4474 ||| DROPPING +0 buckler.
  4475 | D:4      | 4475 ||| READING 2 scrolls labelled BESHOX DAEGO.
  4476 | D:4      | 4476 ||| DROPPING scroll of poison.
  4494 | D:5      | Entered Level 5 of the Dungeon
  4565 | D:5      | 4565 ||| DROPPING +2 flail of draining.
  4673 | D:5      | Found an opulent altar of Gozag.
  4851 | D:5      | 4851 ||| Stepping ~*~*~tactically~*~*~ (hiding).
  4877 | D:5      | 4877 ||| Stepping ~*~*~tactically~*~*~ (stealth).
  5160 | D:5      | Reached skill level 6 in Shields
  5461 | D:5      | 5461 ||| READING scroll labelled TUMUCZ NINACIS.
  5462 | D:5      | 5462 ||| DRINKING 2 yellow potions.
  5463 | D:5      | 5463 ||| READING 2 scrolls of identify.
  5463 | D:5      | 5463 ||| IDENTIFYING fuming inky potion
  5496 | D:6      | 5496 ||| STAIRDANCE
  5951 | D:6      | Found a staircase to the Ecumenical Temple.
  5952 | D:6      | 5952 ||| PLANNING TEMPLE
  5952 | D:6      | 5952 ||| UPGRADING to +6 ring of dexterity.
  5953 | D:6      | 5953 ||| READING 2 scrolls of identify.
  5953 | D:6      | 5953 ||| IDENTIFYING smoky white potion
  5954 | D:6      | 5954 ||| DROPPING potion of flight.
  5955 | D:6      | 5955 ||| FLEEEEING.
  5956 | D:6      | 5956 ||| FLEEEEING.
  5957 | D:6      | 5957 ||| FLEEEEING.
  5958 | D:6      | 5958 ||| FLEEEEING.
  5959 | D:6      | 5959 ||| FLEEEEING.
  5960 | D:6      | 5960 ||| STAIRDANCE
  5969 | D:6      | 5969 ||| STAIRDANCE
  5985 | Temple   | Entered the Ecumenical Temple
  5985 | Temple   | Found a transporter.
  5985 | Temple   | Found a transporter.
  5987 | Temple   | Found a transporter.
  5987 | Temple   | Found a transporter.
  5996 | Temple   | 5996 ||| PLANNING OKAWARU WORSHIP
  6003 | Temple   | Became a worshipper of Warmaster Okawaru
  6004 | Temple   | 6004 ||| PLANNING D:1-11
  6209 | D:6      | Reached XP level 9. HP: 41/54 MP: 9/9
  6354 | D:6      | 6354 ||| READING scroll labelled WAXIPH QENICICY.
  6474 | D:7      | Found a glowing golden altar of the Shining One.
  6526 | D:7      | Noticed Dowan
  6527 | D:7      | 6527 ||| Stepping ~*~*~tactically~*~*~ (hiding).
  6533 | D:7      | Found a shimmering blue altar of Sif Muna.
  6553 | D:7      | Killed Dowan
  6592 | D:7      | Noticed Duvessa
  6593 | D:7      | 6593 ||| Stepping ~*~*~tactically~*~*~ (stealth).
  6598 | D:7      | 6598 ||| Stepping ~*~*~tactically~*~*~ (stealth).
  6600 | D:7      | 6600 ||| Stepping ~*~*~tactically~*~*~ (stealth).
  6602 | D:7      | 6602 ||| Stepping ~*~*~tactically~*~*~ (stealth).
  6615 | D:7      | Killed Duvessa
  6616 | D:7      | Reached skill level 6 in Fighting
  6777 | D:7      | Found a bloodstained altar of Trog.
  6782 | D:7      | 6782 ||| DROPPING +0 vorpal flail.
  6852 | D:7      | Found a radiant altar of Vehumet.
  6859 | D:7      | 6859 ||| DRINKING 6 potions of curing.
  6859 | D:7      | 6859 ||| (to cure confusion)
  6925 | D:7      | Reached * piety under Okawaru
  7054 | D:7      | Found a stormy altar of Qazlal.
  7075 | D:7      | Found Naickef's Antique Armour Shoppe.
  7081 | D:7      | 7081 ||| BUYING runed chain mail (247 gold).
  7081 | D:7      | Bought a runed chain mail for 247 gold pieces
  7081 | D:7      | 7081 ||| SHOPLISTING runed chain mail (247 gold, have 110).
  7081 | D:7      | 7081 ||| SHOPLISTING shiny scale mail (231 gold, have 110).
  7223 | D:7      | 7223 ||| INVOKING Heroism.
  7250 | D:7      | Found Sehozan's Antique Weapon Boutique.
  7366 | D:7      | Found Ydidyphe's General Store.
  7439 | D:7      | 7439 ||| BUYING 3 scrolls of identify (90 gold).
  7439 | D:7      | Bought 3 scrolls of identify for 90 gold pieces
  7442 | D:7      | 7442 ||| UPGRADING to +0 chain mail.
  7452 | D:7      | 7452 ||| DROPPING +0 scale mail.
  7453 | D:7      | 7453 ||| UPGRADING to +3 chain mail.
  7463 | D:7      | 7463 ||| DROPPING +0 chain mail.
  7464 | D:7      | 7464 ||| DROPPING amulet of guardian spirit.
  7465 | D:7      | 7465 ||| READING scroll labelled DIMERCHYCWI.
  7466 | D:7      | 7466 ||| READING scroll labelled SOETTUZOSSOIPS.
  7467 | D:7      | 7467 ||| DRINKING 2 bubbling blue potions.
  7515 | D:8      | 7515 ||| Stepping ~*~*~tactically~*~*~ (hiding).
  7520 | D:8      | 7520 ||| INVOKING Heroism.
  7521 | D:8      | 7521 ||| INVOKING Heroism.
  7527 | D:8      | Reached skill level 1 in Invocations
  7660 | D:8      | Found a runed translucent gate.
  7660 | D:8      | Found a runed translucent gate.
  7660 | D:8      | Found a runed translucent gate.
  7663 | D:8      | Noticed qw's ghost (novice GrFi)
  7687 | D:8      | 7687 ||| Stepping ~*~*~tactically~*~*~ (hiding).
  7692 | D:8      | 7692 ||| INVOKING Heroism.
  8032 | D:8      | 8032 ||| Stepping ~*~*~tactically~*~*~ (stealth).
  8034 | D:8      | 8034 ||| Stepping ~*~*~tactically~*~*~ (hiding).
  8039 | D:8      | 8039 ||| INVOKING Heroism.
  8041 | D:8      | Reached skill level 3 in Invocations
  8047 | D:8      | 8047 ||| Stepping ~*~*~tactically~*~*~ (hiding).
  8058 | D:8      | Reached skill level 9 in Axes
  8236 | D:8      | 8236 ||| Stepping ~*~*~tactically~*~*~ (stealth).
  8239 | D:8      | 8239 ||| Stepping ~*~*~tactically~*~*~ (stealth).
  8241 | D:8      | 8241 ||| Stepping ~*~*~tactically~*~*~ (stealth).
  8245 | D:8      | 8245 ||| Stepping ~*~*~tactically~*~*~ (stealth).
  8258 | D:8      | 8258 ||| Stepping ~*~*~tactically~*~*~ (stealth).
  8260 | D:8      | 8260 ||| Stepping ~*~*~tactically~*~*~ (stealth).
  8261 | D:8      | 8261 ||| Stepping ~*~*~tactically~*~*~ (stealth).
  8262 | D:8      | 8262 ||| Stepping ~*~*~tactically~*~*~ (stealth).
  8271 | D:8      | 8271 ||| INVOKING Heroism.
  8279 | D:8      | Reached XP level 10. HP: 59/61 MP: 11/13
  8457 | D:8      | 8457 ||| DRINKING 2 white potions.
  8469 | D:9      | 8469 ||| STAIRDANCE
  8494 | D:9      | 8494 ||| STAIRDANCE
  8528 | D:9      | 8528 ||| STAIRDANCE
  8620 | D:9      | 8620 ||| INVOKING Heroism.
  8632 | D:9      | Reached ** piety under Okawaru
  8647 | D:9      | 8647 ||| INVOKING Heroism.
  8649 | D:9      | Reached skill level 9 in Shields
  8803 | D:9      | 8803 ||| Stepping ~*~*~tactically~*~*~ (stealth).
  8804 | D:9      | 8804 ||| INVOKING Heroism.
  8805 | D:9      | Noticed a two-headed ogre
  8820 | D:9      | 8820 ||| INVOKING Heroism.
  8822 | D:9      | Killed a two-headed ogre
  8950 | D:9      | 8950 ||| Stepping ~*~*~tactically~*~*~ (stealth).
  8951 | D:9      | 8951 ||| Stepping ~*~*~tactically~*~*~ (stealth).
  8990 | D:9      | Found a white marble altar of Elyvilon.
  9108 | D:9      | 9108 ||| INVOKING Heroism.
  9116 | D:9      | Reached *** piety under Okawaru
  9130 | D:9      | Reached skill level 6 in Armour
  9130 | D:9      | 9130 ||| INVOKING Heroism.
  9300 | D:9      | Found a staircase to the Lair.
  9336 | D:9      | 9336 ||| DROPPING +2 flail of protection.
  9375 | D:9      | Reached XP level 11. HP: 64/68 MP: 14/14
  9524 | D:9      | 9524 ||| INVOKING Heroism.
  9527 | D:9      | HP: 11/68 [acid dragon/splash of acid (33)]
  9528 | D:9      | 9528 ||| READING 4 scrolls of teleportation.
  9529 | D:9      | 9529 ||| DRINKING potion of heal wounds.
  9650 | D:9      | 9650 ||| Stepping ~*~*~tactically~*~*~ (stealth).
  9651 | D:9      | 9651 ||| Stepping ~*~*~tactically~*~*~ (stealth).
  9729 | D:9      | 9729 ||| Stepping ~*~*~tactically~*~*~ (stealth).
  9829 | D:9      | 9829 ||| PLANNING LAIR
  9829 | D:9      | 9829 ||| DROPPING ring of flight.
  9830 | D:9      | 9830 ||| READING scroll labelled WOBORO OSTRAPILL.
  9867 | Lair:1   | Entered Level 1 of the Lair of Beasts
  9873 | Lair:1   | 9873 ||| INVOKING Heroism.
  9899 | Lair:1   | Reached **** piety under Okawaru
  9910 | Lair:1   | 9910 ||| INVOKING Heroism.
  9918 | Lair:1   | 9918 ||| Stepping ~*~*~tactically~*~*~ (cloud).
 10004 | Lair:1   | 10004 ||| INVOKING Heroism.
 10203 | Lair:1   | You fall into a shaft and drop 1 floor!
 10231 | Lair:2   | 10231 ||| INVOKING Heroism.
 10232 | Lair:2   | 10232 ||| Stepping ~*~*~tactically~*~*~ (stealth).
 10246 | Lair:2   | Reached skill level 6 in Invocations
 10248 | Lair:2   | 10248 ||| INVOKING Heroism.
 10249 | Lair:2   | Reached ***** piety under Okawaru
 10389 | Lair:2   | 10389 ||| UPGRADING to +0 cloak.
 10436 | Lair:2   | 10436 ||| INVOKING Heroism.
 10637 | Lair:1   | 10637 ||| INVOKING Heroism.
 10651 | Lair:1   | Reached skill level 9 in Fighting
 10934 | Lair:1   | 10934 ||| INVOKING Heroism.
 11257 | Lair:1   | 11257 ||| DROPPING scarf of shadows.
 11300 | Lair:2   | 11300 ||| STAIRDANCE
 11307 | Lair:2   | 11307 ||| STAIRDANCE
 11309 | Lair:1   | 11309 ||| INVOKING Heroism.
 11351 | Lair:2   | 11351 ||| STAIRDANCE
 11361 | Lair:1   | Reached skill level 3 in Dodging
 11361 | Lair:1   | Reached XP level 12. HP: 58/76 MP: 18/18
 11458 | Lair:2   | 11458 ||| Stepping ~*~*~tactically~*~*~ (stealth).
 11459 | Lair:2   | 11459 ||| Stepping ~*~*~tactically~*~*~ (stealth).
 11480 | Lair:2   | 11480 ||| INVOKING Heroism.
 11490 | Lair:2   | Identified the +1 pair of boots "Icsiuqum" {*Corrode +Inv
                  | Dex+4} (Okawaru gifted it to you on level 2 of the Lair of
                  | Beasts)
 11490 | Lair:2   | Received a gift from Okawaru
 11616 | Lair:2   | 11616 ||| INVOKING Heroism.
 11801 | Lair:2   | 11801 ||| INVOKING Heroism.
 12061 | Lair:2   | Reached skill level 9 in Invocations
 12420 | Lair:2   | 12420 ||| DROPPING +1 pair of boots "Icsiuqum" {*Corrode
                  | +Inv Dex+4}.
 12421 | Lair:2   | 12421 ||| DROPPING amulet of faith.
 12422 | Lair:2   | 12422 ||| UPGRADING to ring of protection from cold.
 12424 | Lair:2   | 12424 ||| DROPPING ring of wizardry.
 12425 | Lair:2   | 12425 ||| READING scroll labelled SOEMAD WUY.
 12450 | Lair:3   | Found a staircase to the Snake Pit.
 12451 | Lair:3   | 12451 ||| INVOKING Heroism.
 12668 | Lair:3   | Noticed a four-headed hydra
 12669 | Lair:3   | 12669 ||| Stepping ~*~*~tactically~*~*~ (stealth).
 12740 | Lair:3   | Found a staircase to the Shoals.
 12741 | Lair:3   | 12741 ||| Stepping ~*~*~tactically~*~*~ (hiding).
 12744 | Lair:3   | 12744 ||| INVOKING Heroism.
 12764 | Lair:3   | HP: 19/76 [merfolk/+4 trident (6)]
 12765 | Lair:3   | 12765 ||| READING 4 scrolls of teleportation.
 12766 | Lair:3   | 12766 ||| DRINKING 2 potions of heal wounds.
 13056 | Lair:3   | 13056 ||| Stepping ~*~*~tactically~*~*~ (stealth).
 13058 | Lair:3   | 13058 ||| Stepping ~*~*~tactically~*~*~ (stealth).
 13059 | Lair:3   | 13059 ||| INVOKING Heroism.
 13103 | Lair:3   | Reached skill level 12 in Axes
 13105 | Lair:3   | 13105 ||| Stepping ~*~*~tactically~*~*~ (stealth).
 13107 | Lair:3   | 13107 ||| Stepping ~*~*~tactically~*~*~ (stealth).
 13108 | Lair:3   | 13108 ||| Stepping ~*~*~tactically~*~*~ (stealth).
 13110 | Lair:3   | 13110 ||| INVOKING Heroism.
 13150 | Lair:3   | 13150 ||| Stepping ~*~*~tactically~*~*~ (stealth).
 13152 | Lair:3   | 13152 ||| Stepping ~*~*~tactically~*~*~ (stealth).
 13156 | Lair:3   | 13156 ||| Stepping ~*~*~tactically~*~*~ (stealth).
 13157 | Lair:3   | 13157 ||| Stepping ~*~*~tactically~*~*~ (stealth).
 13305 | Lair:3   | 13305 ||| DROPPING +2 flail of draining.
 13369 | Lair:3   | 13369 ||| Stepping ~*~*~tactically~*~*~ (stealth).
 13382 | Lair:3   | 13382 ||| INVOKING Heroism.
 13438 | Lair:3   | 13438 ||| Stepping ~*~*~tactically~*~*~ (stealth).
 13485 | Lair:3   | 13485 ||| Stepping ~*~*~tactically~*~*~ (stealth).
 13486 | Lair:3   | 13486 ||| Stepping ~*~*~tactically~*~*~ (stealth).
 13488 | Lair:3   | 13488 ||| Stepping ~*~*~tactically~*~*~ (stealth).
 13496 | Lair:3   | 13496 ||| Stepping ~*~*~tactically~*~*~ (stealth).
 13585 | Lair:3   | 13585 ||| Stepping ~*~*~tactically~*~*~ (stealth).
 13586 | Lair:3   | 13586 ||| Stepping ~*~*~tactically~*~*~ (stealth).
 13596 | Lair:3   | Reached skill level 1 in Throwing
 13610 | Lair:3   | 13610 ||| INVOKING Heroism.
 13612 | Lair:3   | 13612 ||| Stepping ~*~*~tactically~*~*~ (stealth).
 13614 | Lair:3   | 13614 ||| Stepping ~*~*~tactically~*~*~ (stealth).
 13617 | Lair:3   | 13617 ||| Stepping ~*~*~tactically~*~*~ (stealth).
 13618 | Lair:3   | 13618 ||| Stepping ~*~*~tactically~*~*~ (stealth).
 13619 | Lair:3   | 13619 ||| Stepping ~*~*~tactically~*~*~ (stealth).
 13630 | Lair:3   | 13630 ||| Stepping ~*~*~tactically~*~*~ (stealth).
 13728 | Lair:3   | 13728 ||| INVOKING Heroism.
 13740 | Lair:3   | Identified the +0 chain mail of the Eternal Void {Will+
                  | Regen+} (Okawaru gifted it to you on level 3 of the Lair of
                  | Beasts)
 13740 | Lair:3   | Received a gift from Okawaru
 13741 | Lair:3   | Reached XP level 13. HP: 80/80 MP: 18/20
 13808 | Lair:3   | 13808 ||| INVOKING Heroism.
 13809 | Lair:3   | 13809 ||| INVOKING Finesse.
 13813 | Lair:3   | 13813 ||| SWAPPING to +0 morningstar.
 13825 | Lair:3   | 13825 ||| SWAPPING to +1 war axe.
 13850 | Lair:3   | 13850 ||| Stepping ~*~*~tactically~*~*~ (stealth).
 13852 | Lair:3   | 13852 ||| Stepping ~*~*~tactically~*~*~ (stealth).
 13853 | Lair:3   | 13853 ||| Stepping ~*~*~tactically~*~*~ (stealth).
 13859 | Lair:3   | 13859 ||| Stepping ~*~*~tactically~*~*~ (stealth).
 13860 | Lair:3   | 13860 ||| Stepping ~*~*~tactically~*~*~ (stealth).
 13861 | Lair:3   | 13861 ||| Stepping ~*~*~tactically~*~*~ (stealth).
 13884 | Lair:3   | 13884 ||| INVOKING Heroism.
 13969 | Lair:3   | 13969 ||| FLEEEEING.
 13970 | Lair:3   | 13970 ||| FLEEEEING.
 13971 | Lair:3   | 13971 ||| FLEEEEING.
 13972 | Lair:3   | 13972 ||| FLEEEEING.
 13973 | Lair:3   | 13973 ||| INVOKING Heroism.
 14097 | Lair:3   | 14097 ||| Stepping ~*~*~tactically~*~*~ (hiding).
 14102 | Lair:3   | 14102 ||| INVOKING Heroism.
 14107 | Lair:3   | 14107 ||| Stepping ~*~*~tactically~*~*~ (cloud).
 14155 | Lair:3   | 14155 ||| INVOKING Heroism.
 14183 | Lair:3   | 14183 ||| Stepping ~*~*~tactically~*~*~ (stealth).
 14221 | Lair:3   | 14221 ||| Stepping ~*~*~tactically~*~*~ (stealth).
 14223 | Lair:3   | 14223 ||| Stepping ~*~*~tactically~*~*~ (stealth).
 14224 | Lair:3   | 14224 ||| Stepping ~*~*~tactically~*~*~ (stealth).
 14225 | Lair:3   | 14225 ||| Stepping ~*~*~tactically~*~*~ (stealth).
 14233 | Lair:3   | 14233 ||| Stepping ~*~*~tactically~*~*~ (stealth).
 14280 | Lair:3   | 14280 ||| Stepping ~*~*~tactically~*~*~ (stealth).
 14479 | Lair:3   | 14479 ||| INVOKING Heroism.
 14675 | Lair:3   | 14675 ||| Stepping ~*~*~tactically~*~*~ (stealth).
 15114 | Lair:3   | 15114 ||| UPGRADING to +0 pair of gloves.
 15119 | Lair:3   | 15119 ||| UPGRADING to +0 chain mail of the Eternal Void
                  | {Will+ Regen+}.
 15129 | Lair:3   | 15129 ||| UPGRADING to amulet of reflection.
 15134 | Lair:3   | 15134 ||| READING scroll labelled YRAUSCH YFUST.
 15134 | Lair:3   | Identified a scroll of acquirement
 15134 | Lair:3   | 15134 ||| ACQUIRING +1 pair of gloves of the Abyss {+Blink
                  | rElec}
 15134 | Lair:3   | Acquired the +1 pair of gloves of the Abyss {+Blink rElec}
 15136 | Lair:3   | 15136 ||| UPGRADING to +1 pair of gloves of the Abyss
                  | {+Blink rElec}.
 15146 | Lair:3   | 15146 ||| DROPPING +0 pair of gloves.
 15187 | Lair:4   | 15187 ||| INVOKING Heroism.
 15188 | Lair:4   | 15188 ||| STAIRDANCE
 15305 | Lair:4   | Noticed Sonja
 15306 | Lair:4   | 15306 ||| Stepping ~*~*~tactically~*~*~ (stealth).
 15313 | Lair:4   | 15313 ||| INVOKING Finesse.
 15330 | Lair:4   | Killed Sonja
 15331 | Lair:4   | Reached skill level 9 in Armour
 15423 | Lair:4   | Noticed Snorg
 15424 | Lair:4   | 15424 ||| INVOKING Heroism.
 15425 | Lair:4   | 15425 ||| INVOKING Finesse.
 15433 | Lair:4   | Killed Snorg
 15510 | Lair:4   | 15510 ||| INVOKING Heroism.
 15511 | Lair:4   | 15511 ||| Stepping ~*~*~tactically~*~*~ (stealth).
 15512 | Lair:4   | 15512 ||| Stepping ~*~*~tactically~*~*~ (stealth).
 15515 | Lair:4   | 15515 ||| Stepping ~*~*~tactically~*~*~ (stealth).
 15516 | Lair:4   | 15516 ||| Stepping ~*~*~tactically~*~*~ (stealth).
 15521 | Lair:4   | 15521 ||| Stepping ~*~*~tactically~*~*~ (stealth).
 15550 | Lair:4   | 15550 ||| INVOKING Heroism.
 15632 | Lair:4   | 15632 ||| INVOKING Heroism.
 15643 | Lair:4   | 15643 ||| Stepping ~*~*~tactically~*~*~ (stealth).
 15691 | Lair:4   | 15691 ||| Stepping ~*~*~tactically~*~*~ (stealth).
 15692 | Lair:4   | 15692 ||| Stepping ~*~*~tactically~*~*~ (stealth).
 15694 | Lair:4   | 15694 ||| Stepping ~*~*~tactically~*~*~ (stealth).
 15697 | Lair:4   | 15697 ||| Stepping ~*~*~tactically~*~*~ (stealth).
 15974 | Lair:4   | 15974 ||| Stepping ~*~*~tactically~*~*~ (stealth).
 15975 | Lair:4   | 15975 ||| Stepping ~*~*~tactically~*~*~ (stealth).
 15977 | Lair:4   | 15977 ||| INVOKING Heroism.
 16235 | Lair:4   | 16235 ||| READING 8 scrolls of identify.
 16235 | Lair:4   | 16235 ||| IDENTIFYING fizzy sapphire potion
 16282 | Lair:5   | Entered Level 5 of the Lair of Beasts
 16283 | Lair:5   | 16283 ||| STAIRDANCE
 16294 | Lair:5   | 16294 ||| STAIRDANCE
 16304 | Lair:5   | 16304 ||| STAIRDANCE
 16306 | Lair:4   | 16306 ||| INVOKING Heroism.
 16307 | Lair:4   | 16307 ||| INVOKING Finesse.
 16324 | Lair:4   | Received a gift from Okawaru
 16361 | Lair:5   | 16361 ||| INVOKING Heroism.
 16362 | Lair:5   | 16362 ||| SWAPPING to +0 morningstar.
 16363 | Lair:5   | 16363 ||| INVOKING Finesse.
 16373 | Lair:5   | 16373 ||| SWAPPING to +1 war axe.
 16382 | Lair:5   | 16382 ||| STAIRDANCE
 16441 | Lair:5   | 16441 ||| Stepping ~*~*~tactically~*~*~ (stealth).
 16481 | Lair:5   | 16481 ||| Stepping ~*~*~tactically~*~*~ (cloud).
 16482 | Lair:5   | 16482 ||| INVOKING Heroism.
 16483 | Lair:5   | 16483 ||| Stepping ~*~*~tactically~*~*~ (cloud).
 16489 | Lair:5   | Reached skill level 3 in Throwing
 16489 | Lair:5   | Gained mutation: Your large and strong wings let you fly.
                  | [Gargoyle growth]
 16489 | Lair:5   | Reached XP level 14. HP: 30/88 MP: 19/21
 16489 | Lair:5   | HP: 20/88 [something (10)]
 16490 | Lair:5   | 16490 ||| Stepping ~*~*~tactically~*~*~ (cloud).
 16493 | Lair:5   | 16493 ||| Stepping ~*~*~tactically~*~*~ (hiding).
 16612 | Lair:5   | 16612 ||| INVOKING Heroism.
 16626 | Lair:5   | Found a staircase to the Slime Pits.
 16626 | Lair:5   | Found a viscous altar of Jiyva.
 16664 | Lair:5   | 16664 ||| Stepping ~*~*~tactically~*~*~ (stealth).
 16666 | Lair:5   | 16666 ||| Stepping ~*~*~tactically~*~*~ (stealth).
 16668 | Lair:5   | 16668 ||| Stepping ~*~*~tactically~*~*~ (stealth).
 16669 | Lair:5   | 16669 ||| INVOKING Heroism.
 16670 | Lair:5   | 16670 ||| INVOKING Finesse.
 16675 | Lair:5   | 16675 ||| Stepping ~*~*~tactically~*~*~ (stealth).
 16691 | Lair:5   | Received a gift from Okawaru
 16769 | Lair:5   | 16769 ||| INVOKING Heroism.
 16958 | Lair:5   | Received a gift from Okawaru
 16971 | Lair:5   | 16971 ||| SWAPPING to +0 broad axe of pain.
 16972 | Lair:5   | 16972 ||| DROPPING +1 war axe.
 16992 | Lair:5   | 16992 ||| INVOKING Heroism.
 17026 | Lair:5   | 17026 ||| Stepping ~*~*~tactically~*~*~ (stealth).
 17056 | Lair:5   | 17056 ||| INVOKING Heroism.
 17057 | Lair:5   | 17057 ||| INVOKING Finesse.
 17060 | Lair:5   | 17060 ||| SWAPPING to +0 morningstar.
 17066 | Lair:5   | 17066 ||| SWAPPING to +0 broad axe of pain.
 17220 | Lair:5   | 17220 ||| Stepping ~*~*~tactically~*~*~ (stealth).
 17227 | Lair:5   | 17227 ||| INVOKING Heroism.
 17231 | Lair:5   | Reached skill level 12 in Shields
 17249 | Lair:5   | 17249 ||| Stepping ~*~*~tactically~*~*~ (stealth).
 17309 | Lair:5   | 17309 ||| INVOKING Heroism.
 17310 | Lair:5   | 17310 ||| SWAPPING to +0 morningstar.
 17311 | Lair:5   | 17311 ||| INVOKING Finesse.
 17312 | Lair:5   | 17312 ||| Stepping ~*~*~tactically~*~*~ (stealth).
 17318 | Lair:5   | 17318 ||| SWAPPING to +0 broad axe of pain.
 17339 | Lair:5   | Reached skill level 6 in Throwing
 17339 | Lair:5   | Received a gift from Okawaru
 17373 | Lair:5   | 17373 ||| SWAPPING to +1 broad axe of draining.
 17374 | Lair:5   | 17374 ||| DROPPING +0 broad axe of pain.
 17540 | Lair:5   | 17540 ||| INVOKING Heroism.
 17877 | Lair:5   | 17877 ||| Stepping ~*~*~tactically~*~*~ (hiding).
 17879 | Lair:5   | 17879 ||| INVOKING Heroism.
 17988 | Lair:5   | 17988 ||| PLANNING D:1-11
 17988 | Lair:5   | 17988 ||| DROPPING ring of positive energy.
 18106 | D:10     | Entered Level 10 of the Dungeon
 18134 | D:10     | 18134 ||| INVOKING Heroism.
 18151 | D:10     | 18151 ||| READING scroll of enchant weapon.
 18151 | D:10     | 18151 ||| ENCHANTING +1 broad axe of draining.
 18333 | D:10     | 18333 ||| Stepping ~*~*~tactically~*~*~ (hiding).
 18339 | D:10     | 18339 ||| Stepping ~*~*~tactically~*~*~ (hiding).
 18480 | D:10     | 18480 ||| Stepping ~*~*~tactically~*~*~ (stealth).
 18484 | D:10     | 18484 ||| Stepping ~*~*~tactically~*~*~ (stealth).
 18492 | D:10     | 18492 ||| Stepping ~*~*~tactically~*~*~ (stealth).
 18560 | D:10     | 18560 ||| Stepping ~*~*~tactically~*~*~ (stealth).
 18564 | D:10     | 18564 ||| INVOKING Heroism.
 18616 | D:10     | 18616 ||| Stepping ~*~*~tactically~*~*~ (stealth).
 18746 | D:10     | Found a shadowy altar of Dithmenos.
 18935 | D:10     | 18935 ||| DROPPING +3 chain mail.
 18936 | D:10     | 18936 ||| READING 2 scrolls labelled HAHUCL LERPHAYR.
 18937 | D:10     | 18937 ||| READING 7 scrolls of identify.
 18937 | D:10     | 18937 ||| IDENTIFYING black potion
 18938 | D:10     | 18938 ||| DROPPING scroll of vulnerability.
 18939 | D:10     | 18939 ||| DROPPING potion of degeneration.
 19148 | D:11     | 19148 ||| INVOKING Heroism.
 19205 | D:11     | 19205 ||| INVOKING Heroism.
 19397 | D:11     | 19397 ||| INVOKING Heroism.
 19398 | D:11     | 19398 ||| INVOKING Finesse.
 19416 | D:11     | Reached skill level 15 in Axes
 19596 | D:11     | 19596 ||| Stepping ~*~*~tactically~*~*~ (hiding).
 19841 | D:10     | 19841 ||| PLANNING D
 19853 | D:12     | 19853 ||| READING scroll of enchant weapon.
 19853 | D:12     | 19853 ||| ENCHANTING +2 broad axe of draining.
 19886 | D:12     | 19886 ||| Stepping ~*~*~tactically~*~*~ (stealth).
 19887 | D:12     | 19887 ||| Stepping ~*~*~tactically~*~*~ (stealth).
 19888 | D:12     | 19888 ||| Stepping ~*~*~tactically~*~*~ (stealth).
 19889 | D:12     | 19889 ||| INVOKING Heroism.
 19898 | D:12     | 19898 ||| Stepping ~*~*~tactically~*~*~ (stealth).
 19901 | D:12     | 19901 ||| Stepping ~*~*~tactically~*~*~ (stealth).
 19910 | D:12     | Reached XP level 15. HP: 81/95 MP: 22/22
 19938 | D:12     | Found a staircase to the Orcish Mines.
 19957 | D:12     | 19957 ||| Stepping ~*~*~tactically~*~*~ (stealth).
 19960 | D:12     | 19960 ||| Stepping ~*~*~tactically~*~*~ (stealth).
 19962 | D:12     | 19962 ||| Stepping ~*~*~tactically~*~*~ (stealth).
 19964 | D:12     | 19964 ||| Stepping ~*~*~tactically~*~*~ (hiding).
 20032 | D:12     | 20032 ||| Stepping ~*~*~tactically~*~*~ (hiding).
 20037 | D:12     | 20037 ||| INVOKING Heroism.
 20139 | D:12     | Reached skill level 12 in Fighting
 20222 | D:12     | 20222 ||| INVOKING Heroism.
 20390 | D:12     | 20390 ||| Stepping randomly (disturbance).
 20617 | D:13     | 20617 ||| INVOKING Finesse.
 20703 | D:13     | 20703 ||| READING scroll of acquirement.
 20703 | D:13     | 20703 ||| ACQUIRING 750 gold pieces
 20703 | D:13     | Acquired 750 gold pieces
 20758 | D:13     | Noticed Azrael
 20759 | D:13     | 20759 ||| INVOKING Heroism.
 20760 | D:13     | 20760 ||| INVOKING Finesse.
 20778 | D:13     | Killed Azrael
 20778 | D:13     | Noticed Urug
 20788 | D:13     | Killed Urug
 20832 | D:13     | 20832 ||| READING scroll of enchant weapon.
 20832 | D:13     | 20832 ||| ENCHANTING +3 broad axe of draining.
 20962 | D:13     | Noticed Frances
 20963 | D:13     | 20963 ||| INVOKING Heroism.
 20964 | D:13     | 20964 ||| INVOKING Finesse.
 20970 | D:13     | Gained mutation: Armour fits poorly on your strangely
                  | shaped body. [a neqoxec]
 20976 | D:13     | Killed Frances
 20980 | D:13     | 20980 ||| DRINKING 4 potions of mutation.
 20980 | D:13     | Lost mutation: Armour fits poorly on your strangely shaped
                  | body. [potion of mutation]
 20980 | D:13     | Gained mutation: You have hidden genetic potential. [potion
                  | of mutation]
 20980 | D:13     | Gained mutation: You are clumsy. (Dex -2) [potion of
                  | mutation]
 20980 | D:13     | Gained mutation: Your natural rate of healing is unusually
                  | fast. [potion of mutation]
 21150 | D:13     | Identified the +1 ring mail "Qaps" {Harm}
 21322 | D:13     | 21322 ||| INVOKING Heroism.
 21383 | D:14     | 21383 ||| STAIRDANCE
 21559 | D:14     | Received a gift from Okawaru
 21577 | D:14     | 21577 ||| INVOKING Heroism.
 21578 | D:14     | 21578 ||| SWAPPING to +0 morningstar.
 21579 | D:14     | 21579 ||| INVOKING Finesse.
 21580 | D:14     | 21580 ||| INVOKING Finesse.
 21581 | D:14     | 21581 ||| Stepping ~*~*~tactically~*~*~ (outnumbered).
 21582 | D:14     | 21582 ||| Stepping ~*~*~tactically~*~*~ (outnumbered).
 21583 | D:14     | 21583 ||| Stepping ~*~*~tactically~*~*~ (outnumbered).
 21584 | D:14     | 21584 ||| Stepping ~*~*~tactically~*~*~ (outnumbered).
 21595 | D:14     | 21595 ||| SWAPPING to +4 broad axe of draining.
 21707 | D:14     | 21707 ||| Stepping ~*~*~tactically~*~*~ (stealth).
 21708 | D:14     | 21708 ||| Stepping ~*~*~tactically~*~*~ (stealth).
 21710 | D:14     | 21710 ||| INVOKING Heroism.
 21720 | D:14     | 21720 ||| Stepping ~*~*~tactically~*~*~ (stealth).
 21727 | D:14     | 21727 ||| Stepping ~*~*~tactically~*~*~ (stealth).
 21790 | D:14     | Received a gift from Okawaru
 21849 | D:14     | 21849 ||| INVOKING Heroism.
 21859 | D:14     | 21859 ||| READING 9 scrolls of teleportation.
 21917 | D:14     | 21917 ||| INVOKING Heroism.
 22149 | D:14     | 22149 ||| INVOKING Heroism.
 22150 | D:14     | 22150 ||| INVOKING Finesse.
 22152 | D:14     | 22152 ||| SWAPPING to +0 morningstar.
 22165 | D:14     | 22165 ||| SWAPPING to +4 broad axe of draining.
 22211 | D:14     | 22211 ||| Stepping ~*~*~tactically~*~*~ (hiding).
 22212 | D:14     | 22212 ||| INVOKING Heroism.
 22214 | D:14     | 22214 ||| SWAPPING to +0 morningstar.
 22238 | D:14     | 22238 ||| SWAPPING to +4 broad axe of draining.
 22252 | D:14     | Found a gate to the Vaults.
 22272 | D:14     | 22272 ||| INVOKING Heroism.
 22472 | D:14     | 22472 ||| UPGRADING to +0 tower shield.
 22482 | D:14     | 22482 ||| DROPPING +0 kite shield.
 22483 | D:14     | 22483 ||| UPGRADING to +0 shadow dragon scales.
 22493 | D:14     | 22493 ||| DROPPING +0 chain mail of the Eternal Void {Will+
                  | Regen+}.
 22494 | D:14     | 22494 ||| DROPPING +0 plate armour.
 22522 | D:15     | Entered Level 15 of the Dungeon
 22523 | D:15     | 22523 ||| STAIRDANCE
 22538 | D:15     | 22538 ||| STAIRDANCE
 22565 | D:15     | 22565 ||| STAIRDANCE
 22571 | D:14     | Received a gift from Okawaru
 22575 | D:15     | 22575 ||| STAIRDANCE
 22577 | D:14     | 22577 ||| INVOKING Heroism.
 22682 | D:15     | 22682 ||| Stepping ~*~*~tactically~*~*~ (stealth).
 22684 | D:15     | 22684 ||| Stepping ~*~*~tactically~*~*~ (hiding).
 22689 | D:15     | 22689 ||| INVOKING Heroism.
 22697 | D:15     | 22697 ||| Stepping ~*~*~tactically~*~*~ (hiding).
 22703 | D:15     | Identified the +5 scale mail of the Furies {+Blink}
                  | (Okawaru gifted it to you on level 15 of the Dungeon)
 22703 | D:15     | Received a gift from Okawaru
 22858 | D:15     | 22858 ||| INVOKING Heroism.
 22859 | D:15     | 22859 ||| INVOKING Finesse.
 22861 | D:15     | 22861 ||| SWAPPING to +0 morningstar.
 22861 | D:15     | Noticed Agnes
 22868 | D:15     | 22868 ||| SWAPPING to +4 broad axe of draining.
 22879 | D:15     | Killed Agnes
 22944 | D:15     | 22944 ||| Stepping ~*~*~tactically~*~*~ (hiding).
 22950 | D:15     | 22950 ||| INVOKING Heroism.
 22957 | D:15     | 22957 ||| Stepping ~*~*~tactically~*~*~ (stealth).
 22980 | D:15     | Reached XP level 16. HP: 101/101 MP: 23/23
 22988 | D:15     | Found a staircase to the Depths.
 22995 | D:15     | 22995 ||| INVOKING Heroism.
 23043 | D:15     | 23043 ||| INVOKING Heroism.
 23058 | D:15     | Reached skill level 15 in Shields
 23112 | D:15     | 23112 ||| Stepping ~*~*~tactically~*~*~ (stealth).
 23114 | D:15     | 23114 ||| Stepping ~*~*~tactically~*~*~ (hiding).
 23307 | D:15     | 23307 ||| INVOKING Heroism.
 23308 | D:15     | 23308 ||| INVOKING Finesse.
 23310 | D:15     | 23310 ||| SWAPPING to +0 morningstar.
 23317 | D:15     | 23317 ||| SWAPPING to +4 broad axe of draining.
 23331 | D:15     | Found the +3 pair of seven-league boots {Rampage+∞}
 23560 | D:15     | 23560 ||| INVOKING Heroism.
 23653 | D:15     | 23653 ||| Stepping ~*~*~tactically~*~*~ (hiding).
 23654 | D:15     | 23654 ||| Stepping ~*~*~tactically~*~*~ (hiding).
 23655 | D:15     | 23655 ||| Stepping ~*~*~tactically~*~*~ (hiding).
 23941 | D:15     | 23941 ||| PLANNING ORC
 23941 | D:15     | 23941 ||| UPGRADING to +3 pair of seven-league boots
                  | {Rampage+∞}.
 23951 | D:15     | 23951 ||| DROPPING +2 pair of boots.
 24054 | Orc:1    | Entered Level 1 of the Orcish Mines
 24055 | Orc:1    | 24055 ||| Stepping ~*~*~tactically~*~*~ (stealth).
 24056 | Orc:1    | 24056 ||| Stepping ~*~*~tactically~*~*~ (stealth).
 24057 | Orc:1    | 24057 ||| Stepping ~*~*~tactically~*~*~ (stealth).
 24058 | Orc:1    | 24058 ||| INVOKING Heroism.
 24086 | Orc:1    | 24086 ||| Stepping ~*~*~tactically~*~*~ (stealth).
 24088 | Orc:1    | 24088 ||| Stepping ~*~*~tactically~*~*~ (stealth).
 24090 | Orc:1    | 24090 ||| Stepping ~*~*~tactically~*~*~ (stealth).
 24092 | Orc:1    | 24092 ||| Stepping ~*~*~tactically~*~*~ (stealth).
 24095 | Orc:1    | 24095 ||| Stepping ~*~*~tactically~*~*~ (stealth).
 24096 | Orc:1    | Found Utuniuta's General Store.
 24120 | Orc:1    | Found Ewor's General Store.
 24138 | Orc:1    | 24138 ||| BUYING potion of attraction (39 gold).
 24138 | Orc:1    | Bought a potion of attraction for 39 gold pieces
 24138 | Orc:1    | 24138 ||| BUYING potion of resistance (130 gold).
 24138 | Orc:1    | Bought a potion of resistance for 130 gold pieces
 24203 | Orc:1    | 24203 ||| INVOKING Heroism.
 24204 | Orc:1    | 24204 ||| Stepping ~*~*~tactically~*~*~ (stealth).
 24206 | Orc:1    | Noticed Harold
 24207 | Orc:1    | Found Jomymoam's Distillery.
 24212 | Orc:1    | Gained mutation: You have large cloven feet. [hidden
                  | potential]
 24219 | Orc:1    | Killed Harold
 24343 | Orc:1    | 24343 ||| BUYING 2 potions of curing (84 gold).
 24343 | Orc:1    | Bought 2 potions of curing for 84 gold pieces
 24343 | Orc:1    | 24343 ||| BUYING potion of curing (42 gold).
 24343 | Orc:1    | Bought a potion of curing for 42 gold pieces
 24343 | Orc:1    | 24343 ||| BUYING potion of curing (42 gold).
 24343 | Orc:1    | Bought a potion of curing for 42 gold pieces
 24343 | Orc:1    | 24343 ||| BUYING potion of curing (42 gold).
 24343 | Orc:1    | Bought a potion of curing for 42 gold pieces
 24343 | Orc:1    | 24343 ||| BUYING potion of haste (140 gold).
 24343 | Orc:1    | Bought a potion of haste for 140 gold pieces
 24343 | Orc:1    | 24343 ||| BUYING potion of heal wounds (70 gold).
 24343 | Orc:1    | Bought a potion of heal wounds for 70 gold pieces
 24343 | Orc:1    | 24343 ||| BUYING potion of might (56 gold).
 24343 | Orc:1    | Bought a potion of might for 56 gold pieces
 24401 | Orc:1    | 24401 ||| Stepping ~*~*~tactically~*~*~ (hiding).
 24403 | Orc:1    | 24403 ||| Stepping ~*~*~tactically~*~*~ (stealth).
 24404 | Orc:1    | 24404 ||| INVOKING Heroism.
 24405 | Orc:1    | 24405 ||| Stepping ~*~*~tactically~*~*~ (stealth).
 24438 | Orc:1    | 24438 ||| DROPPING +0 morningstar.
 24489 | Orc:1    | 24489 ||| Stepping ~*~*~tactically~*~*~ (stealth).
 24655 | Orc:2    | Entered Level 2 of the Orcish Mines
 24711 | Orc:2    | 24711 ||| INVOKING Heroism.
 24712 | Orc:2    | 24712 ||| STAIRDANCE
 24718 | Orc:2    | 24718 ||| STAIRDANCE
 24772 | Orc:2    | Found a dark tunnel.
 24788 | Orc:2    | Found Hutabluq's General Store.
 24789 | Orc:2    | 24789 ||| Stepping ~*~*~tactically~*~*~ (hiding).
 24799 | Orc:2    | 24799 ||| INVOKING Heroism.
 24820 | Orc:2    | Received a gift from Okawaru
 24821 | Orc:2    | 24821 ||| Stepping ~*~*~tactically~*~*~ (stealth).
 24828 | Orc:2    | 24828 ||| Stepping ~*~*~tactically~*~*~ (stealth).
 24841 | Orc:2    | 24841 ||| INVOKING Heroism.
 24843 | Orc:2    | Reached skill level 12 in Armour
 24864 | Orc:2    | 24864 ||| Stepping ~*~*~tactically~*~*~ (hiding).
 24867 | Orc:2    | 24867 ||| Stepping ~*~*~tactically~*~*~ (stealth).
 24870 | Orc:2    | 24870 ||| Stepping ~*~*~tactically~*~*~ (stealth).
 24880 | Orc:2    | Found Suungy's Weapon Shop.
 24880 | Orc:2    | Found Bat Volu's General Store.
 24882 | Orc:2    | Received a gift from Okawaru
 24888 | Orc:2    | 24888 ||| Stepping ~*~*~tactically~*~*~ (stealth).
 24917 | Orc:2    | 24917 ||| INVOKING Heroism.
 24966 | Orc:2    | 24966 ||| BUYING +2 broad axe of electrocution (242 gold).
 24966 | Orc:2    | Bought a +2 broad axe of electrocution for 242 gold pieces
 24966 | Orc:2    | 24966 ||| SWAPPING to +2 broad axe of electrocution.
 24967 | Orc:2    | 24967 ||| DROPPING +4 broad axe of draining.
 24980 | Orc:2    | 24980 ||| BUYING potion of curing (54 gold).
 24980 | Orc:2    | Bought a potion of curing for 54 gold pieces
 24980 | Orc:2    | 24980 ||| BUYING scroll of brand weapon (171 gold).
 24980 | Orc:2    | Bought a scroll of brand weapon for 171 gold pieces
 24980 | Orc:2    | 24980 ||| READING scroll of brand weapon.
 24980 | Orc:2    | 24980 ||| BRANDING +2 broad axe of electrocution.
 25006 | Orc:2    | Found Roarev's Armour Boutique.
 25007 | Orc:2    | Found Reapnor's Book Boutique.
 25020 | Orc:2    | 25020 ||| BUYING +0 fire dragon scales (780 gold).
 25020 | Orc:2    | Bought +0 fire dragon scales for 780 gold pieces
 25020 | Orc:2    | 25020 ||| SHOPLISTING +0 pearl dragon scales (1300 gold,
                  | have 414).
 25058 | Orc:2    | Found a staircase to the Elven Halls.
 25362 | Orc:2    | Found Idghahegoc's Gadget Gallery.
 25493 | Orc:1    | Noticed Maurice
 25494 | Orc:1    | 25494 ||| Stepping ~*~*~tactically~*~*~ (hiding).
 25501 | Orc:1    | Killed Maurice
 25622 | Orc:1    | 25622 ||| PLANNING SNAKE:1-3
 25814 | Snake:1  | Entered Level 1 of the Snake Pit
 25839 | Snake:1  | 25839 ||| Stepping ~*~*~tactically~*~*~ (hiding).
 25844 | Snake:1  | 25844 ||| Stepping ~*~*~tactically~*~*~ (hiding).
 25845 | Snake:1  | 25845 ||| Stepping ~*~*~tactically~*~*~ (hiding).
 25848 | Snake:1  | 25848 ||| Stepping ~*~*~tactically~*~*~ (hiding).
 25912 | Snake:1  | Received a gift from Okawaru
 25928 | Snake:1  | 25928 ||| READING scroll of acquirement.
 25928 | Snake:1  | 25928 ||| ACQUIRING ring of fire
 25928 | Snake:1  | Acquired a ring of fire
 25976 | Snake:1  | 25976 ||| Stepping ~*~*~tactically~*~*~ (hiding).
 26078 | Snake:1  | 26078 ||| Stepping ~*~*~tactically~*~*~ (hiding).
 26180 | Snake:1  | 26180 ||| Stepping ~*~*~tactically~*~*~ (hiding).
 26282 | Snake:1  | 26282 ||| Stepping ~*~*~tactically~*~*~ (hiding).
 26384 | Snake:1  | 26384 ||| Stepping ~*~*~tactically~*~*~ (hiding).
 26486 | Snake:1  | 26486 ||| Stepping ~*~*~tactically~*~*~ (hiding).
 26588 | Snake:1  | 26588 ||| Stepping ~*~*~tactically~*~*~ (hiding).
 26690 | Snake:1  | 26690 ||| Stepping ~*~*~tactically~*~*~ (hiding).
 26792 | Snake:1  | 26792 ||| Stepping ~*~*~tactically~*~*~ (hiding).
 26894 | Snake:1  | 26894 ||| Stepping ~*~*~tactically~*~*~ (hiding).
 26996 | Snake:1  | 26996 ||| Stepping ~*~*~tactically~*~*~ (hiding).
 27098 | Snake:1  | 27098 ||| Stepping ~*~*~tactically~*~*~ (hiding).
 27220 | Snake:1  | 27220 ||| INVOKING Heroism.
 27286 | Snake:1  | 27286 ||| Stepping ~*~*~tactically~*~*~ (hiding).
 27388 | Snake:1  | 27388 ||| Stepping ~*~*~tactically~*~*~ (hiding).
 27398 | Snake:1  | 27398 ||| INVOKING Heroism.
 27402 | Snake:1  | 27402 ||| Stepping ~*~*~tactically~*~*~ (hiding).
 27403 | Snake:1  | 27403 ||| Stepping ~*~*~tactically~*~*~ (hiding).
 27406 | Snake:1  | 27406 ||| Stepping ~*~*~tactically~*~*~ (hiding).
 27413 | Snake:1  | 27413 ||| INVOKING Heroism.
 27441 | Snake:1  | 27441 ||| READING scroll of enchant armour.
 27441 | Snake:1  | 27441 ||| ENCHANTING +0 helmet.
 27452 | Snake:1  | 27452 ||| Stepping ~*~*~tactically~*~*~ (hiding).
 27555 | Snake:1  | 27555 ||| Stepping ~*~*~tactically~*~*~ (hiding).
 27556 | Snake:1  | 27556 ||| Stepping ~*~*~tactically~*~*~ (hiding).
 27789 | Snake:1  | 27789 ||| INVOKING Heroism.
 27854 | Snake:1  | 27854 ||| Stepping ~*~*~tactically~*~*~ (hiding).
 27956 | Snake:1  | 27956 ||| Stepping ~*~*~tactically~*~*~ (hiding).
 28058 | Snake:1  | 28058 ||| Stepping ~*~*~tactically~*~*~ (hiding).
 28377 | Snake:1  | 28377 ||| Stepping ~*~*~tactically~*~*~ (hiding).
 28480 | Snake:1  | 28480 ||| Stepping ~*~*~tactically~*~*~ (hiding).
 29114 | Snake:2  | Received a gift from Okawaru
 29131 | Snake:2  | Found Ainnouth's Alliterative Accessories.
 29143 | Snake:2  | 29143 ||| Stepping ~*~*~tactically~*~*~ (hiding).
 29267 | Snake:2  | 29267 ||| INVOKING Heroism.
 29347 | Snake:2  | 29347 ||| Stepping ~*~*~tactically~*~*~ (hiding).
 29449 | Snake:2  | 29449 ||| Stepping ~*~*~tactically~*~*~ (hiding).
 29551 | Snake:2  | 29551 ||| Stepping ~*~*~tactically~*~*~ (hiding).
 29653 | Snake:2  | 29653 ||| Stepping ~*~*~tactically~*~*~ (hiding).
 29755 | Snake:2  | 29755 ||| Stepping ~*~*~tactically~*~*~ (hiding).
 29857 | Snake:2  | 29857 ||| Stepping ~*~*~tactically~*~*~ (hiding).
 29959 | Snake:2  | 29959 ||| Stepping ~*~*~tactically~*~*~ (hiding).
 30118 | Snake:2  | Reached XP level 17. HP: 106/106 MP: 24/24
 30166 | Snake:2  | Found Juthram's Armour Shop.
 30256 | Snake:2  | Found Asisa's Antique Armour Shoppe.
 30263 | Snake:2  | 30263 ||| BUYING shiny chain mail (240 gold).
 30263 | Snake:2  | Bought a shiny chain mail for 240 gold pieces
 30263 | Snake:2  | 30263 ||| BUYING twisted cloak (304 gold).
 30263 | Snake:2  | Bought a twisted cloak for 304 gold pieces
 30263 | Snake:2  | Identified the +0 cloak "Huboxkia" {Fly MP+9} (You bought
                  | it in a shop on level 2 of the Snake Pit)
 30275 | Snake:2  | Found Qyam's Weapon Shoppe.
 30302 | Snake:2  | 30302 ||| SHOPLISTING +2 eveningstar of protection (570
                  | gold, have 164).
 30397 | Snake:2  | 30397 ||| INVOKING Heroism.
 30426 | Snake:2  | 30426 ||| READING 2 scrolls of acquirement.
 30426 | Snake:2  | 30426 ||| ACQUIRING +5 shadow dragon scales "Codumo" {rPois
                  | Str-5 Int+7 SInv Stlth++++}
 30426 | Snake:2  | Acquired the +5 shadow dragon scales "Codumo" {rPois Str-5
                  | Int+7 SInv Stlth++++}
 30428 | Snake:2  | 30428 ||| DROPPING +4 chain mail of positive energy.
 30429 | Snake:2  | 30429 ||| READING scroll of acquirement.
 30429 | Snake:2  | 30429 ||| ACQUIRING +1 helmet "Ruedesua" {rElec Int-5
                  | Slay+3}
 30429 | Snake:2  | Acquired the +1 helmet "Ruedesua" {rElec Int-5 Slay+3}
 30431 | Snake:2  | 30431 ||| UPGRADING to +1 helmet "Ruedesua" {rElec Int-5
                  | Slay+3}.
 30441 | Snake:2  | 30441 ||| DROPPING +1 helmet.
 30442 | Snake:2  | 30442 ||| DROPPING +0 cloak "Huboxkia" {Fly MP+9}.
 30443 | Snake:2  | 30443 ||| UPGRADING to +5 shadow dragon scales "Codumo"
                  | {rPois Str-5 Int+7 SInv Stlth++++}.
 30453 | Snake:2  | 30453 ||| DROPPING +0 shadow dragon scales.
 30741 | Snake:3  | 30741 ||| Stepping ~*~*~tactically~*~*~ (stealth).
 30743 | Snake:3  | 30743 ||| Stepping ~*~*~tactically~*~*~ (stealth).
 30746 | Snake:3  | Received a gift from Okawaru
 30750 | Snake:3  | 30750 ||| INVOKING Heroism.
 30807 | Snake:3  | 30807 ||| Stepping ~*~*~tactically~*~*~ (stealth).
 30809 | Snake:3  | 30809 ||| Stepping ~*~*~tactically~*~*~ (hiding).
 30831 | Snake:3  | 30831 ||| Stepping ~*~*~tactically~*~*~ (hiding).
 30862 | Snake:3  | 30862 ||| INVOKING Heroism.
 30892 | Snake:3  | Gained mutation: You are robust. (+10% HP) [hidden
                  | potential]
 30892 | Snake:3  | Lost mutation: You have hidden genetic potential. [hidden
                  | potential expressed]
 30949 | Snake:3  | 30949 ||| Stepping ~*~*~tactically~*~*~ (hiding).
 31051 | Snake:3  | 31051 ||| Stepping ~*~*~tactically~*~*~ (hiding).
 31059 | Snake:3  | 31059 ||| Stepping ~*~*~tactically~*~*~ (hiding).
 31067 | Snake:3  | 31067 ||| INVOKING Heroism.
 31119 | Snake:3  | 31119 ||| Stepping ~*~*~tactically~*~*~ (hiding).
 31191 | Snake:3  | 31191 ||| Stepping ~*~*~tactically~*~*~ (hiding).
 31204 | Snake:3  | 31204 ||| Stepping ~*~*~tactically~*~*~ (hiding).
 31306 | Snake:3  | 31306 ||| Stepping ~*~*~tactically~*~*~ (hiding).
 31319 | Snake:3  | 31319 ||| INVOKING Heroism.
 31322 | Snake:3  | 31322 ||| Stepping ~*~*~tactically~*~*~ (hiding).
 31364 | Snake:3  | 31364 ||| DROPPING +2 morningstar of holy wrath.
 31373 | Snake:3  | Found Yteusseicy's Armour Emporium.
 31380 | Snake:3  | 31380 ||| SHOPLISTING +3 chain mail of cold resistance (397
                  | gold, have 206).
 31424 | Snake:3  | 31424 ||| Stepping ~*~*~tactically~*~*~ (stealth).
 31432 | Snake:3  | 31432 ||| INVOKING Heroism.
 31433 | Snake:3  | 31433 ||| Stepping ~*~*~tactically~*~*~ (hiding).
 31435 | Snake:3  | 31435 ||| Stepping ~*~*~tactically~*~*~ (hiding).
 31436 | Snake:3  | 31436 ||| Stepping ~*~*~tactically~*~*~ (stealth).
 31457 | Snake:3  | Received a gift from Okawaru
 31485 | Snake:3  | 31485 ||| INVOKING Heroism.
 31570 | Snake:3  | 31570 ||| INVOKING Heroism.
 31590 | Snake:3  | Received a gift from Okawaru
 31614 | Snake:3  | Noticed Nikola
 31615 | Snake:3  | 31615 ||| INVOKING Heroism.
 31616 | Snake:3  | 31616 ||| INVOKING Finesse.
 31629 | Snake:3  | Killed Nikola
 31657 | Snake:3  | 31657 ||| Stepping ~*~*~tactically~*~*~ (stealth).
 31671 | Snake:3  | 31671 ||| Stepping ~*~*~tactically~*~*~ (stealth).
 31695 | Snake:3  | 31695 ||| Stepping ~*~*~tactically~*~*~ (stealth).
 31720 | Snake:3  | 31720 ||| Stepping ~*~*~tactically~*~*~ (stealth).
 31764 | Snake:3  | 31764 ||| INVOKING Heroism.
 31776 | Snake:3  | Received a gift from Okawaru
 31865 | Snake:3  | 31865 ||| Stepping ~*~*~tactically~*~*~ (hiding).
 31866 | Snake:3  | 31866 ||| INVOKING Heroism.
 32029 | Snake:3  | 32029 ||| Stepping ~*~*~tactically~*~*~ (hiding).
 32030 | Snake:3  | 32030 ||| Stepping ~*~*~tactically~*~*~ (hiding).
 32033 | Snake:3  | 32033 ||| Stepping ~*~*~tactically~*~*~ (hiding).
 32034 | Snake:3  | 32034 ||| INVOKING Heroism.
 32200 | Snake:2  | 32200 ||| BUYING +1 chain mail "Mixuen" {rN+ rCorr} (341
                  | gold).
 32200 | Snake:2  | Bought the +1 chain mail "Mixuen" {rN+ rCorr} for 341 gold
                  | pieces
 32200 | Snake:2  | 32200 ||| PLANNING SHOALS:1-3
 32200 | Snake:2  | 32200 ||| DROPPING +0 acid dragon scales.
 32283 | Shoals:1 | Entered Level 1 of the Shoals
 32284 | Shoals:1 | 32284 ||| INVOKING Heroism.
 32307 | Shoals:1 | 32307 ||| Stepping ~*~*~tactically~*~*~ (stealth).
 32365 | Shoals:1 | 32365 ||| INVOKING Heroism.
 32405 | Shoals:1 | Paralysed by a fenstrider witch for 2 turns
 32450 | Shoals:1 | Found Wowiddoy's Weapon Shop.
 32475 | Shoals:1 | 32475 ||| Stepping ~*~*~tactically~*~*~ (hiding).
 32577 | Shoals:1 | 32577 ||| Stepping ~*~*~tactically~*~*~ (hiding).
 32719 | Shoals:1 | 32719 ||| Stepping ~*~*~tactically~*~*~ (stealth).
 32723 | Shoals:1 | 32723 ||| Stepping ~*~*~tactically~*~*~ (stealth).
 32736 | Shoals:1 | 32736 ||| Stepping ~*~*~tactically~*~*~ (stealth).
 32738 | Shoals:1 | 32738 ||| Stepping ~*~*~tactically~*~*~ (stealth).
 32739 | Shoals:1 | 32739 ||| Stepping ~*~*~tactically~*~*~ (stealth).
 32741 | Shoals:1 | 32741 ||| Stepping ~*~*~tactically~*~*~ (stealth).
 32742 | Shoals:1 | 32742 ||| Stepping ~*~*~tactically~*~*~ (stealth).
 32743 | Shoals:1 | 32743 ||| Stepping ~*~*~tactically~*~*~ (stealth).
 32798 | Shoals:1 | 32798 ||| INVOKING Heroism.
 32822 | Shoals:1 | Reached skill level 18 in Axes
 32888 | Shoals:1 | 32888 ||| INVOKING Heroism.
 33162 | Shoals:1 | 33162 ||| INVOKING Heroism.
 33383 | Shoals:2 | 33383 ||| INVOKING Heroism.
 33431 | Shoals:2 | 33431 ||| Stepping ~*~*~tactically~*~*~ (hiding).
 33438 | Shoals:2 | 33438 ||| INVOKING Heroism.
 33445 | Shoals:2 | Reached XP level 18. HP: 125/125 MP: 23/25
 33464 | Shoals:2 | 33464 ||| DROPPING +1 war axe of flaming.
 33478 | Shoals:2 | 33478 ||| Stepping ~*~*~tactically~*~*~ (hiding).
 33580 | Shoals:2 | 33580 ||| Stepping ~*~*~tactically~*~*~ (hiding).
 33662 | Shoals:2 | 33662 ||| Stepping ~*~*~tactically~*~*~ (stealth).
 33696 | Shoals:2 | 33696 ||| INVOKING Heroism.
 33722 | Shoals:2 | 33722 ||| Stepping ~*~*~tactically~*~*~ (hiding).
 33824 | Shoals:2 | 33824 ||| Stepping ~*~*~tactically~*~*~ (hiding).
 33926 | Shoals:2 | 33926 ||| Stepping ~*~*~tactically~*~*~ (hiding).
 33958 | Shoals:2 | Received a gift from Okawaru
 34066 | Shoals:2 | 34066 ||| READING scroll of brand weapon.
 34066 | Shoals:2 | 34066 ||| BRANDING +2 broad axe of venom.
 34092 | Shoals:2 | 34092 ||| INVOKING Heroism.
 34206 | Shoals:2 | 34206 ||| Stepping ~*~*~tactically~*~*~ (hiding).
 34336 | Shoals:2 | 34336 ||| INVOKING Heroism.
 34481 | Shoals:2 | 34481 ||| Stepping ~*~*~tactically~*~*~ (hiding).
 34483 | Shoals:2 | 34483 ||| Stepping ~*~*~tactically~*~*~ (hiding).
 34485 | Shoals:2 | 34485 ||| INVOKING Heroism.
 34487 | Shoals:2 | 34487 ||| INVOKING Finesse.
 34579 | Shoals:2 | 34579 ||| Stepping ~*~*~tactically~*~*~ (hiding).
 34581 | Shoals:2 | 34581 ||| INVOKING Heroism.
 34582 | Shoals:2 | 34582 ||| INVOKING Finesse.
 34762 | Shoals:3 | 34762 ||| INVOKING Heroism.
 34788 | Shoals:3 | Received a gift from Okawaru
 34839 | Shoals:3 | 34839 ||| INVOKING Heroism.
 34965 | Shoals:3 | 34965 ||| Stepping ~*~*~tactically~*~*~ (hiding).
 34968 | Shoals:3 | 34968 ||| Stepping ~*~*~tactically~*~*~ (stealth).
 34974 | Shoals:3 | 34974 ||| Stepping ~*~*~tactically~*~*~ (stealth).
 34976 | Shoals:3 | 34976 ||| Stepping ~*~*~tactically~*~*~ (hiding).
 34977 | Shoals:3 | 34977 ||| Stepping ~*~*~tactically~*~*~ (stealth).
 34978 | Shoals:3 | 34978 ||| Stepping ~*~*~tactically~*~*~ (stealth).
 35062 | Shoals:3 | 35062 ||| INVOKING Heroism.
 35076 | Shoals:3 | Reached skill level 18 in Shields
 35080 | Shoals:3 | Received a gift from Okawaru
 35139 | Shoals:3 | Found a runed translucent gate.
 35139 | Shoals:3 | Found a runed translucent gate.
 35139 | Shoals:3 | Found a runed translucent gate.
 35142 | Shoals:3 | Found an opulent altar of Gozag.
 35199 | Shoals:3 | 35199 ||| INVOKING Heroism.
 35317 | Shoals:3 | 35317 ||| Stepping ~*~*~tactically~*~*~ (stealth).
 35319 | Shoals:3 | 35319 ||| Stepping ~*~*~tactically~*~*~ (stealth).
 35321 | Shoals:3 | 35321 ||| Stepping ~*~*~tactically~*~*~ (hiding).
 35324 | Shoals:3 | 35324 ||| INVOKING Heroism.
 35325 | Shoals:3 | 35325 ||| INVOKING Finesse.
 35428 | Shoals:3 | 35428 ||| INVOKING Heroism.
 35429 | Shoals:3 | 35429 ||| INVOKING Finesse.
 35627 | Shoals:3 | 35627 ||| Stepping ~*~*~tactically~*~*~ (stealth).
 35630 | Shoals:3 | 35630 ||| INVOKING Heroism.
 35632 | Shoals:3 | 35632 ||| Stepping ~*~*~tactically~*~*~ (stealth).
 35726 | Shoals:3 | Found Toeh's Assorted Antiques.
 35727 | Shoals:3 | Noticed Wecaes's ghost (journeyman HOFE)
 35737 | Shoals:3 | 35737 ||| PLANNING SNAKE:4
 35885 | Snake:4  | Entered Level 4 of the Snake Pit
 35886 | Snake:4  | 35886 ||| INVOKING Heroism.
 35904 | Snake:4  | Reached skill level 15 in Armour
 36031 | Snake:4  | 36031 ||| Stepping ~*~*~tactically~*~*~ (stealth).
 36035 | Snake:4  | 36035 ||| INVOKING Heroism.
 36101 | Snake:4  | Noticed Bai Suzhen
 36103 | Snake:4  | 36103 ||| INVOKING Heroism.
 36104 | Snake:4  | 36104 ||| INVOKING Finesse.
 36120 | Snake:4  | Killed Bai Suzhen
 36133 | Snake:4  | 36133 ||| Stepping ~*~*~tactically~*~*~ (hiding).
 36150 | Snake:4  | Received a gift from Okawaru
 36177 | Snake:4  | 36177 ||| Stepping ~*~*~tactically~*~*~ (stealth).
 36200 | Snake:4  | 36200 ||| INVOKING Heroism.
 36228 | Snake:4  | Reached skill level 15 in Fighting
 36264 | Snake:4  | Reached ****** piety under Okawaru
 36275 | Snake:4  | 36275 ||| INVOKING Heroism.
 36289 | Snake:4  | Identified the +2 robe of Pismadwu {Fly Str+6 Dex+2}
                  | (Okawaru gifted it to you on level 4 of the Snake Pit)
 36289 | Snake:4  | Received a gift from Okawaru
 36304 | Snake:4  | 36304 ||| Stepping ~*~*~tactically~*~*~ (stealth).
 36307 | Snake:4  | 36307 ||| Stepping ~*~*~tactically~*~*~ (stealth).
 36330 | Snake:4  | 36330 ||| INVOKING Heroism.
 36342 | Snake:4  | Reached XP level 19. HP: 134/136 MP: 24/26
 36385 | Snake:4  | 36385 ||| Stepping ~*~*~tactically~*~*~ (hiding).
 36388 | Snake:4  | 36388 ||| INVOKING Heroism.
 36401 | Snake:4  | Got a serpentine rune of Zot
 36466 | Snake:4  | 36466 ||| Stepping ~*~*~tactically~*~*~ (stealth).
 36468 | Snake:4  | 36468 ||| Stepping ~*~*~tactically~*~*~ (stealth).
 36472 | Snake:4  | 36472 ||| INVOKING Heroism.
 36542 | Snake:4  | 36542 ||| INVOKING Heroism.
 36716 | Snake:4  | 36716 ||| INVOKING Heroism.
 36753 | Snake:4  | Noticed Vashnia
 36761 | Snake:4  | 36761 ||| INVOKING Heroism.
 36774 | Snake:4  | Killed Vashnia
 36979 | Snake:4  | 36979 ||| PLANNING VAULTS:1-4
 37276 | Vaults:1 | Entered Level 1 of the Vaults
 37331 | Vaults:1 | 37331 ||| Stepping ~*~*~tactically~*~*~ (hiding).
 37392 | Vaults:1 | 37392 ||| INVOKING Heroism.
 37393 | Vaults:1 | 37393 ||| INVOKING Finesse.
 37664 | Vaults:1 | 37664 ||| INVOKING Heroism.
 37676 | Vaults:1 | Mangled by a vault warden

Levels and vault maps discovered:
D:1:      lemuel_arrival_muddy, layout_loops_corners, serial_shops,
          nicolae_shop_behind_doors, ebering_ecumenical_altar_abandoned,
          minmay_cut_off
D:2:      layout_rooms, uniq_sigmund
D:3:      layout_basic, chequers_serial_rivers_micro_a
D:4:      minmay_spotlight, layout_basic, nemelex_dance_club_becter, uniq_robin,
          uniq_blork_the_orc
D:5:      layout_gridville, nicolae_gozag_cash_rules_everything_around_me
D:6:      layout_gridville, temple_fountains
D:7:      layout_loops_ring, nzn_overflow_gifts_of_might_and_magic,
          nicolae_tso_besieged_by_evil, mainiacjoe_overflow_big_doors,
          serial_shops, nicolae_shop_overgrown_old_shop, nicolae_diamond_shop,
          kennysheep_little_box, minmay_manual_mares
D:8:      layout_loops_ring, ebering_ghost_rock_garden, minmay_misc_feat_tiny
D:9:      layout_rooms, elyvilon_altar_4, minmay_lair_entry_grove
D:10:     layout_loops_ring, nicolae_overflow_hidden_temple
D:11:     lemuel_ice_spiral_2, layout_irregular_city
D:12:     layout_basic, orc_0_dummy, serial_bayou_crossing
D:13:     layout_small_grid, uniq_urug, uniq_azrael, uniq_frances
D:14:     layout_cave_pods, skrybe_vaults_entry_preservation
D:15:     gammafunk_depths_entry_grave, layout_basic,
          chequers_serial_rivers_micro_d,
          hellmonk_guarded_unrand_seven_league_boots, uniq_agnes
Temple:   hellmonk_temple_divided_pantheon
Lair:1:   layout_hall_layers
Lair:2:   minmay_lair_venomous_thicket, layout_regular_city
Lair:3:   regret_index_bee_streams, layout_small_grid,
          elwin_shoals_entry_stream, minmay_snake_entry_guardpost_medium,
          columned_hall_lemuel, st_stairs_10, grunt_forest_stairs_basic
Lair:4:   layout_concentric_octagons, grunt_megastairs_4, uniq_sonja, uniq_snorg
Lair:5:   hangedman_lair_tendril_chambers, layout_small_grid, slime_entry_1,
          infiniplex_staircase_pool
Shoals:1: layout_shoals, serial_shops, shop_statue,
          nicolae_shoals_beach_house_on_fowls_legs
Shoals:2: layout_shoals, nicolae_shoals_flooded_hall
Shoals:3: layout_shoals, ebering_ghost_gozag, hangedman_shoals_cup_caves
Snake:1:  layout_layer_cave
Snake:2:  layout_misc_corridors, serial_shops, nicolae_stop_n_shop_1,
          nicolae_take_the_stairs, nicolae_shop_stone, nicolae_alphabet_shops,
          serial_bayou_ford_a, drop_trap
Snake:3:  hangedman_cross_veins, layout_misc_corridors, minmay_shop_star,
          uniq_nikola
Snake:4:  grunt_snake_rune_serpentine_throne, layout_cave_pods,
          serial_bayou_shore_a, uniq_vashnia, uniq_bai_suzhen
Orc:1:    layout_caves, serial_shops, shop, nicolae_shop_advertising_works
          [nicolae_subvault_shop_adworks], nicolae_shop_crystal, uniq_maurice,
          uniq_harold
Orc:2:    st_orc_open, layout_caves, nicolae_volcano_entry_s_turn, serial_shops,
          nicolae_shop_crystal, nicolae_shop_gadgets
Vaults:1: v_misc_14, dpeg_vaults_monster_box, v_misc_28, v_misc_9,
          grunt_vaults_hallway_short, v_pattern_2, vaults_room_pool,
          nicolae_vaults_murderbox, layout_vaults_quadrants, serial_shops,
          nicolae_shop_temple_entry_statues_fountains, shop, shop

Skill      XL: |  1  2  3  4  5  6  7  8  9 10 11 12 13 14 15 16 17 18 19 |
---------------+----------------------------------------------------------+-----
Axes           | 2 3 5 7 9 10 11 12 14 15 16 18 | 18.0
Fighting       | 5 6 8 9 10 11 12 13 15 16 | 16.0
Dodging        | 1 2 3 |  3.0
Shields        | 7 8 9 10 11 12 14 17 18 | 18.8
Invocations    | 4 8 10 | 10.0
Armour         | 4 6 8 9 10 12 13 15 16 | 16.0
Throwing       | 2 3 6 7 |  7.1

Action                   |  1- 3 |  4- 6 |  7- 9 | 10-12 | 13-15 | 16-18 | 19-21 || total
-------------------------+-------+-------+-------+-------+-------+-------+-------++-------
Melee: War axe           |   108 |    99 |   401 |   758 |   558 |       |       ||  1924
       Morningstar       |       |       |       |       |    74 |     5 |       ||    79
       Broad axe         |       |       |       |       |   632 |  1578 |   186 ||  2396
Throw: Boomerang         |       |       |       |     1 |    64 |     3 |       ||    68
       Javelin           |       |       |       |       |    68 |    89 |    13 ||   170
Invok: Heroism           |       |       |     5 |    26 |    46 |    53 |     7 ||   137
       Finesse           |       |       |       |       |    15 |     7 |     1 ||    23
  Use: Scroll            |     3 |     7 |     7 |     4 |     9 |     6 |       ||    36
       Potion            |     1 |     2 |     3 |     3 |     1 |       |       ||    10
 Stab: Distracted        |       |       |       |     1 |       |     1 |       ||     2
       Held in net/web   |       |       |       |       |       |     3 |       ||     3
       Sleeping          |       |       |       |       |       |     3 |       ||     3
Armor: Scale mail        |    52 |    49 |   117 |       |       |       |       ||   218
       Chain mail        |       |       |    26 |   359 |   434 |       |       ||   819
       Shadow dragon sca |       |       |       |       |    17 |   493 |    64 ||   574
Dodge: Dodged            |    60 |    61 |   200 |   423 |   425 |   311 |    36 ||  1516
Block: Buckler           |    21 |    10 |    10 |       |       |       |       ||    41
       Kite shield       |       |       |   176 |   482 |   887 |       |       ||  1545
       Reflection        |       |       |       |       |    21 |   157 |    29 ||   207
       Tower shield      |       |       |       |       |    82 |  1486 |   225 ||  1793

Table legend:
 A = Non-vault XP
 B = Vault XP
 C = Vault XP percentage of total XP
 D = Non-vault monster count
 E = Vault monster count
 F = Vault count percentage of total count
                 A         B        C        D         E       F
            +---------+---------+-------+---------+---------+-------
      Total |  217555 |  132473 |  37.8 |     727 |     337 |  31.7
            +---------+---------+-------+---------+---------+-------
        D:1 |      59 |       5 |   7.8 |      28 |       3 |   9.7
        D:2 |     172 |     226 |  56.8 |      13 |       1 |   7.1
        D:3 |      62 |       0 |   0.0 |      15 |       0 |   0.0
        D:4 |     509 |     199 |  28.1 |      20 |      22 |  52.4
        D:5 |     583 |       0 |   0.0 |      13 |       0 |   0.0
        D:6 |     559 |       0 |   0.0 |      12 |       0 |   0.0
        D:7 |     635 |     493 |  43.7 |      12 |      14 |  53.8
        D:8 |    1317 |       0 |   0.0 |      31 |       0 |   0.0
        D:9 |    2654 |    2187 |  45.2 |      14 |      13 |  48.1
       D:10 |    1593 |       0 |   0.0 |      20 |       0 |   0.0
       D:11 |    7393 |       0 |   0.0 |      14 |       0 |   0.0
       D:12 |    5510 |       0 |   0.0 |      30 |       0 |   0.0
       D:13 |    5691 |    4238 |  42.7 |      19 |       9 |  32.1
       D:14 |   13320 |    6167 |  31.6 |      36 |       9 |  20.0
       D:15 |   10468 |   10598 |  50.3 |      15 |      15 |  50.0
     Lair:1 |    6220 |      26 |   0.4 |      31 |       2 |   6.1
     Lair:2 |    4860 |    1045 |  17.7 |      23 |       9 |  28.1
     Lair:3 |   10548 |    8365 |  44.2 |      37 |      60 |  61.9
     Lair:4 |    7440 |    3754 |  33.5 |      25 |      10 |  28.6
     Lair:5 |   13711 |   10601 |  43.6 |      32 |      37 |  53.6
   Shoals:1 |   15373 |    1327 |   7.9 |      36 |       1 |   2.7
   Shoals:2 |   16882 |    5290 |  23.9 |      38 |      11 |  22.4
   Shoals:3 |   12885 |    6814 |  34.6 |      29 |      12 |  29.3
    Snake:1 |   13165 |       0 |   0.0 |      27 |       0 |   0.0
    Snake:2 |   11950 |       0 |   0.0 |      24 |       0 |   0.0
    Snake:3 |   25024 |   13426 |  34.9 |      49 |      21 |  30.0
    Snake:4 |   19227 |   36664 |  65.6 |      37 |      42 |  53.2
      Orc:1 |    3528 |    1319 |  27.2 |      35 |       2 |   5.4
      Orc:2 |     761 |   14846 |  95.1 |       4 |      37 |  90.2
   Vaults:1 |    5456 |    4883 |  47.2 |       8 |       7 |  46.7
            +---------+---------+-------+---------+---------+-------
